 Dungeon Crawl Stone Soup version 0.31.0-12-g77e489cdc1 (webtiles) character file.

Game seed: 17164703843214194769

2 haloelite the Twirler (level 1, -1/12 HPs)
             Began as a Gargoyle Gladiator on Mar 4, 2024.
             Slain by a hobgoblin (2 damage)
             ... on level 3 of the Dungeon.
             The game lasted 00:01:13 (93 turns).

haloelite the Twirler (Gargoyle Gladiator)            Turns: 93, Time: 00:01:14

Health: -1/12      AC:  6    Str: 14 (15) XL:     1   Next: 40%
Magic:  1/1        EV: 12    Int:  7 (8)  God:
Gold:   0          SH:  0    Dex: 11      Spells: 0/0 levels left

rFire   . . .        a - +0 quarterstaff
rCold   . . .        (shield currently unavailable)
rNeg    + . .        b - +0 leather armour
rPois   ∞            c - +0 helmet
rElec   +            (no cloak)
rCorr   .            (no gloves)
SInv    .            (no boots)
Will    .....        (no amulet)
Stlth   +            (no ring)
HPRegen 0.22/turn    (no ring)
MPRegen 0.07/turn

%: no passive effects
@: attractive
A: sickness immunity, AC +2, negative energy resistance 1, electricity
resistance, torment resistance 1, petrification resistance, claws 1,
deterioration 1, weak 1
a: no special abilities


You were on level 3 of the Dungeon.
You visited 1 branch of the dungeon, and saw 3 of its levels.

Inventory:

Hand Weapons
 a - a +0 quarterstaff (weapon)
Missiles
 d - 3 throwing nets (quivered)
 e - a javelin
Armour
 b - a +0 leather armour (worn)
 c - a +0 helmet (worn)


   Skills:
 + Level 2.1 Fighting
 + Level 3.1 Staves
 + Level 1.7 Throwing
 + Level 2.5 Dodging


You couldn't memorise any spells.
You didn't know any spells.
Your spell library contained the following spells:

 Spells                   Type           Power      Damage    Failure   Level
 Lesser Beckoning         Tloc           0%         N/A       65%         2
 Gell's Gravitas          Tloc           0%         N/A       87%         3
 Teleport Other           Tloc           0%         N/A       87%         3


Dungeon Overview and Level Annotations

Branches:
Dungeon (3/15)

Altars:


Innate Abilities, Weirdness & Mutations

You are immune to sickness and miasma.
Your stone body is resilient. (AC +2)
You are immune to poison.
You resist negative energy. (rN+)
You are resistant to electric shocks. (rElec)
You are resistant to unholy torment.
You are immune to petrification.
You have sharp fingernails.
Your body sometimes deteriorates upon taking damage.
You are weak. (Str -2)


Message History

The ball python constricts you.
You thump the ball python!
You kill the ball python!
A hobgoblin comes into view.
The hobgoblin shouts!
A hobgoblin comes into view.
An endoplasm comes into view.
The hobgoblin is attracted toward you. The endoplasm is attracted toward you.
The hobgoblin is attracted toward you.
The hobgoblin shouts!
The hobgoblin is attracted toward you. The hobgoblin closely misses you.
A rat comes into view.
The hobgoblin is attracted toward you. The endoplasm is attracted toward you.
The rat is attracted toward you. The endoplasm is attracted toward you.
The rat is attracted toward you.
There is a stone staircase leading down here.
The hobgoblin hits you.
Your body deteriorates!
You feel dopey. The endoplasm freezes you.
You are frozen.
The hobgoblin misses you.
You climb downwards.
There is a stone staircase leading up here.
You hit the hobgoblin.
The hobgoblin is moderately wounded.
The hobgoblin hits you but does no damage.
The endoplasm jiggles.
The endoplasm hits you. The hobgoblin closely misses you.
You barely miss the hobgoblin.
The hobgoblin is moderately wounded.
The hobgoblin closely misses you. The endoplasm freezes you.
You are frozen.
* * * LOW HITPOINT WARNING * * *
Your body deteriorates!
You feel weakened. The hobgoblin barely misses you.
You hit the hobgoblin.
The hobgoblin is heavily wounded.
The endoplasm hits you but does no damage.
The hobgoblin hits you.
You die...

#≈~....#
##≈~....#
≈≈≈....#
≈~....#
.....#####
.........
#gJ......
#@# #g#
#.# ...
##. .# .#
.#


You could see an endoplasm and 2 hobgoblins.

Vanquished Creatures
  A ball python (D:2)
  A bat (D:1)
2 creatures vanquished.

Notes
Turn   | Place    | Note
-------+----------+-------------------------------------------
     0 | D:1      | haloelite the Gargoyle Gladiator began the quest for the
                  | Orb.
     0 | D:1      | Reached XP level 1. HP: 12/12 MP: 1/1
    60 | D:1      | Gained mutation: You are weak. (Str -2) [potion of
                  | mutation]
    60 | D:1      | Gained mutation: Your body sometimes deteriorates upon
                  | taking damage. [potion of mutation]
    60 | D:1      | Gained mutation: You have sharp fingernails. [potion of
                  | mutation]
    93 | D:3      | Slain by a hobgoblin

Illustrated notes

Levels and vault maps discovered:
D:1:      zaba_arrival_water, layout_basic, nicolae_grassy_gnolls
D:2:      layout_rooms
D:3:      lemuel_castle_with_subvaults [lemuel_castle_interior_carwin_2],
          layout_rooms, mainiacjoe_overflow_two_lobes

Action                     || total
---------------------------++-------
  Melee: Quarterstaff      ||    11
    Use: Potion            ||     2
 Armour: Leather armour    ||    16
  Dodge: Dodged            ||    14
